 Dungeon Crawl Stone Soup version 0.27.1-33-g824d729ab1 (webtiles) character file.

Game seed: 12669266813252040674

214 belegose the Skirmisher (level 6, -2/48 HPs)
             Began as a Formicid Abyssal Knight on Dec 25, 2021.
             Was a Believer of Lugonu.
             Splashed by a jelly's acid (8 damage)
             ... on level 4 of the Dungeon.
             The game lasted 00:07:10 (3577 turns).

belegose the Skirmisher (Formicid Abyssal Knight)   Turns: 3577, Time: 00:07:11

Health: -2/48      AC: -10   Str: 19    XL:     6   Next: 15%
Magic:  17/17      EV:  7    Int: 11    God:    Lugonu [**....]
Gold:   231        SH:  0    Dex: 10    Spells: 5/5 levels left

rFire    . . .     SeeInvis +   a - +1 mace
rCold    . . .     Faith    .   (no shield)
rNeg     . . .     Spirit   .   r - +0 chain mail
rPois    .         Reflect  .   (helmet unavailable)
rElec    .         Harm     .   (no cloak)
rCorr    .         Rampage  .   (no gloves)
Will     .....                  (no boots)
Stlth    ..........             (no amulet)
HPRegen  0.16/turn              i - ring of magical power
MPRegen  0.15/turn              (no ring)

@: corroded
A: permanent stasis, dig shafts and tunnels, antennae 3, four strong arms
a: Dig, Shaft Self, Renounce Religion, Depart the Abyss, Bend Space


You were on level 4 of the Dungeon.
You worshipped Lugonu.
Lugonu was pleased with you.
You visited 1 branch of the dungeon, and saw 4 of its levels.
You visited the Abyss 1 time.

You collected 231 gold pieces.

Inventory:

Hand Weapons
 a - a +1 mace (weapon)
 p - a +0 war axe
Missiles
 c - 105 stones (quivered)
 d - 9 poisoned darts
 n - 34 bolts
Armour
 r - a +0 chain mail (worn)
Jewellery
 i - a ring of magical power (left hand)
 k - a ring of ice
 s - a ring of flight
Wands
 t - a wand of paralysis (10)
Scrolls
 e - 5 scrolls of blinking {unknown}
 f - 3 scrolls of fog {unknown}
 g - 2 scrolls of magic mapping {unknown}
 h - a scroll of fear {unknown}
 j - 2 scrolls of teleportation {unknown}
 q - a scroll of identify {unknown}
Potions
 b - a potion of lignification {unknown}
 l - 2 potions of heal wounds
 m - a potion of haste {unknown}
 o - a potion of might {unknown}


   Skills:
 + Level 4.3 Fighting
 + Level 3.1 Maces & Flails
 + Level 2.0 Throwing
 + Level 3.5 Armour
 - Level 0.8 Dodging
 + Level 3.6 Invocations
 + Level 0.0 Evocations


You had 5 spell levels left.
You didn't know any spells.
Your spell library contained the following spells:

 Spells                   Type           Power      Damage    Failure   Level
 Sublimation of Blood     Necr           0%         N/A       99%         2
 Wereblood                Tmut           0%         N/A       99%         2
 Tukima's Dance           Hex            0%         N/A       100%        3
 Passage of Golubria      Tloc           N/A        N/A       100%        4
 Petrify                  Tmut/Erth      0%         N/A       100%        4
 Irradiate                Conj/Tmut      0%         3d13      100%        5
 Yara's Violent Unravell  Hex/Tmut       0%         3d3       100%        5
 Summon Hydra             Summ           0%         N/A       100%        7


Dungeon Overview and Level Annotations

Branches:
Dungeon (4/15)
 Temple: D:4-7

Altars:
Ru


Innate Abilities, Weirdness & Mutations

You cannot be hasted, slowed, berserked, paralysed or teleported.
You can dig through walls and to a lower floor.
You have a pair of large antennae on your head. (SInv)
Your four strong arms can wield two-handed weapons with a shield.


Message History

Throw: 107 stones
Press: ? - help, Q - select action, (/) - cycle Shift-Dir - straight line, f/p - jelly
Aim: a jelly (89% to hit)
You throw a stone.
The stone hits the jelly but does no damage.
Unknown command.
Throw: 106 stones
Press: ? - help, Q - select action, (/) - cycle Shift-Dir - straight line, f/p - jelly
Aim: a jelly (89% to hit)
You throw a stone. The stone hits the jelly.
The jelly is lightly wounded.
Unknown command.
You sock the jelly! The acid corrodes you!
Your hands burn!
The jelly is heavily wounded.
The jelly hits you but does no damage.
You barely miss the jelly.
The jelly is heavily wounded.
The jelly barely misses you.
You hit the jelly. The acid corrodes you!
Your hands burn!
The jelly is almost dead.
The jelly hits you.
You are splashed with acid.
The jelly hits you. The acid corrodes you!
You are splashed with acid.
You hit the jelly but do no damage.
Your hands burn!
The jelly is almost dead.
The jelly hits you.
You are splashed with acid!
* * * LOW HITPOINT WARNING * * *
Unknown command.
You hit the jelly but do no damage. The acid corrodes you!
Your hands burn!
* * * LOW HITPOINT WARNING * * *
The jelly is almost dead.
The jelly jiggles.
The jelly closely misses you.
Unknown command.
You hit the jelly but do no damage.
Your hands burn!
* * * LOW HITPOINT WARNING * * *
The jelly is almost dead.
The jelly hits you.
* * * LOW HITPOINT WARNING * * *
The acid corrodes you!
You are splashed with acid!
You die...

#........# #........######
#.....).......#
.......#####..##.....#
.......#####..##....>#
.....................#
..o....####...##.....# #
...{...####..........# .#
.......#(oJ@..#......####...
#..((..#.#.##.......)..#
.[..##(..).#.#####...##..#
.. #.##.##.##....#<# .##
#.#..# .#..####.# .# {..#...
... #.. .. ###..###.# ###.##
{ #.. .# . #


You could see a jelly and an orc.

Vanquished Creatures
  A necrophage (D:3)
  A hound (D:4)
  2 adders
  A worm (D:3)
  A dart slug (D:2)
  2 orcs
  7 ball pythons
  12 bats
  4 endoplasms
  A giant cockroach (D:2)
  6 hobgoblins
  4 jackals
  4 quokkas
  5 frilled lizards
  4 goblins
  9 kobolds
  12 rats
76 creatures vanquished.

Vanquished Creatures (others)
  A fungus (D:3)
  3 plants (D:3)
4 creatures vanquished.

Grand Total: 80 creatures vanquished

Notes
Turn   | Place    | Note
-------+----------+-------------------------------------------
     0 | Abyss:1  | belegose the Formicid Abyssal Knight began the quest for
                  | the Orb.
     0 | Abyss:1  | Reached XP level 1. HP: 18/18 MP: 2/2
    39 | Abyss:1  | Noticed a crimson imp
    81 | Abyss:1  | Noticed a small abomination
    87 | Abyss:1  | Noticed an unseen horror
    88 | D:1      | Escaped the Abyss
   259 | D:1      | Reached XP level 2. HP: 23/24 MP: 3/3
   262 | D:1      | Reached * piety under Lugonu
   746 | D:1      | Reached XP level 3. HP: 22/29 MP: 4/4
  1529 | D:1      | Reached XP level 4. HP: 36/37 MP: 6/6
  1641 | D:2      | Reached skill level 1 in Throwing
  1691 | D:2      | Reached ** piety under Lugonu
  1839 | D:2      | Found a faded altar of an unknown god.
  2196 | D:3      | Found a sacrificial altar of Ru.
  2718 | D:3      | Noticed a necrophage
  2725 | D:3      | HP: 1/37 [poisoned by an adder]
  3041 | D:3      | Killed a necrophage
  3042 | D:3      | Reached skill level 4 in Fighting
  3042 | D:3      | Reached XP level 5. HP: 25/42 MP: 7/7
  3497 | D:4      | Reached XP level 6. HP: 45/48 MP: 8/8
  3577 | D:4      | Splashed by a jelly's acid

Illustrated notes

Levels and vault maps discovered:
D:1:      amcnicky_arrival_underground_garden, layout_rooms,
          minmay_misc_feat_cross, minmay_tiny_reverse_x
D:2:      layout_basic, basic_ecumenical_altar, lemuel_flame_loot_1
D:3:      layout_basic, nicolae_ru_the_path_less_chosen
D:4:      layout_rooms

Skill      XL: |  1  2  3  4  5 |
---------------+----------------+-----
Throwing       | 1 2 |  2.0
Invocations    | 3 |  3.6
Armour         | 3 |  3.5
Fighting       | 4 |  4.3
Maces & Flails | 3 |  3.1
Dodging        | |  0.8

Action                   |  1- 3 |  4- 6 || total
-------------------------+-------+-------++-------
Melee: Mace              |   115 |   126 ||   241
Throw: Stone             |       |     3 ||     3
Invok: Depart the Abyss  |     1 |       ||     1
  Use: Potion            |       |     1 ||     1
Armor: Leather armour    |    68 |    20 ||    88
       Chain mail        |       |    20 ||    20
Dodge: Dodged            |   142 |    74 ||   216
